 Dungeon Crawl Stone Soup version 0.30-a0-924-g0ad0bf95bc (webtiles) character file.

Game seed: 5761718166673948562

2700 cforsyth the Covered (level 9, -1/72 HPs)
             Began as a Human Fighter on Mar 22, 2023.
             Slain by an ogre
             ... wielding a +0 giant spiked club
              (23 damage)
             ... on level 5 of the Dungeon.
             The game lasted 00:10:15 (8988 turns).

cforsyth the Covered (Human Fighter)                Turns: 8988, Time: 00:10:16

Health: -1/72      AC: 14    Str: 20    XL:     9   Next: 97%
Magic:  9/9        EV:  7    Int: 10    God:
Gold:   329        SH:  5    Dex: 12    Spells: 8/8 levels left

rFire   . . .      SeeInvis .    w - +1 whip (flame)
rCold   . . .      Faith    .    c - +0 buckler
rNeg    . . .      Spirit   .    l - +4 chain mail "Wiubb" {Rampage}
rPois   .          Reflect  .    (no helmet)
rElec   .          Rampage  +    (no cloak)
rCorr   .                        (no gloves)
Will    .....                    (no boots) Stlth
                                 (no amulet)
HPRegen 0.32/turn                (no ring)
MPRegen 0.11/turn                (no ring)

@: no status effects
A: no striking features
a: no special abilities


You were on level 5 of the Dungeon.
You visited 1 branch of the dungeon, and saw 6 of its levels.

You collected 329 gold pieces.

Inventory:

Hand Weapons
 a - a +0 flail
 w - a +1 whip of flaming (weapon)
Armour
 b - a +0 scale mail
 c - a +0 buckler (worn)
 l - the +4 chain mail "Wiubb" (worn) {Rampage}
   (You found it on level 2 of the Dungeon)

   Rampage:   It bestows one free step when moving towards enemies.
Jewellery
 f - a ring of fire
 t - a +6 ring of intelligence
 y - a ring of fire
Wands
 d - a wand of flame (21)
 o - a wand of light (33)
 v - a wand of paralysis (7)
Scrolls
 e - 2 scrolls of vulnerability {unknown}
 i - 5 scrolls of identify {unknown}
 k - 4 scrolls of teleportation
 m - a scroll of noise {unknown}
 p - 2 scrolls of fear
 r - a scroll of amnesia {unknown}
 u - a scroll of fog {unknown}
 z - a scroll of torment {unknown}
Potions
 g - a potion of berserk rage {unknown}
 h - a potion of heal wounds
 j - 2 potions of curing {unknown}
 n - a potion of brilliance {unknown}
 q - 2 potions of magic {unknown}
 s - a potion of resistance {unknown}
 x - a potion of mutation {unknown}


   Skills:
 + Level 7.1 Fighting
 + Level 6.7 Maces & Flails
 + Level 7.1 Armour
 + Level 7.1 Shields


You had 8 spell levels left.
You didn't know any spells.
Your spell library contained the following spells:

 Spells                   Type           Power      Damage    Failure   Level
 Beastly Appendage        Tmut           0%         N/A       99%         1
 Slow                     Hex            0%         N/A       99%         1
 Wereblood                Tmut           0%         N/A       99%         2
 Confusing Touch          Hex            0%         N/A       100%        3
 Spider Form              Tmut/Pois      0%         N/A       100%        3
 Vampiric Draining        Necr           0%         2d6       100%        3


Dungeon Overview and Level Annotations

Branches:
Dungeon (6/15)
 Temple: D:4-7

Altars:

Shops:
D:6 !

Annotations:
D:3 1 runed translucent door, elongatedgoose's ghost, weakling DEIE


Message History

A phantom comes into view.
Something hits you. Something burns you. The orc hits you but does no damage.
The orc priest calls down the wrath of Beogh upon you.
Beogh smites you!
* * * LOW HITPOINT WARNING * * *
Unknown command.
Unknown command.
Something hits you but does no damage.
There is a stone staircase leading up here.
The ogre hits you with a +0 giant spiked club!
* * * LOW HITPOINT WARNING * * *
The orc priest hits you with a +0 hand axe.
* * * LOW HITPOINT WARNING * * *
You climb upwards.
Reactivating autopickup.
There is a stone staircase leading down here.
Unknown command.
It was a potion of heal wounds.
You feel much better.
The orc priest hits you but does no damage.
The ogre hits you with a +0 giant spiked club!
* * * LOW HITPOINT WARNING * * *
You feel much better.
You feel less confused. You block the orc priest's attack.
You hit the orc priest but do no damage.
The orc priest is heavily wounded.
You block the ogre's attack.
You hit the orc priest. You burn the orc priest.
The orc priest is heavily wounded.
The orc priest hits you but does no damage.
You whack the orc priest! You burn the orc priest.
You kill the orc priest!
The ogre hits you with a +0 giant spiked club!!
* * * LOW HITPOINT WARNING * * *
You hit the ogre. You burn the ogre.
The ogre is lightly wounded.
You hit the ogre. You burn the ogre.
The ogre is moderately wounded.
The ogre hits you with a +0 giant spiked club!!
You die...

#.# #.#
#.#####..##.#####...) #.#
#.# #...........#.......[
#.# #.#
#######..####.###.### #.#
#.### #..# #.# #.# #.#
#...########..####.# #.#
#.# ##.#...............#
#.#
#.#######.#####.###.####.#
#.# #......#### #O# #.# #.#
#.# ######.# #@# #.####.#
#.# #.# ##)###......# #.#
#.#######...#######.#######
#.....................#....
#########.[(#######.###.>..
##..........# #....
############ #####


You could see an ogre.

Vanquished Creatures
  Pikel (D:5)
  Grinder (D:5)
  Sigmund (D:5)
  5 yaks
  An orc warrior (D:5)
  2 ice beasts (D:5)
  4 lemures (D:4)
  2 phantoms
  A bullfrog (D:6)
  A scorpion (D:5)
  A hound (D:5)
  A jelly (D:5)
  2 orc priests (D:5)
  A gnoll bouda (D:5)
  6 iguanas
  2 sleepcaps (D:6)
  An orc wizard (D:5)
  7 gnolls
  7 adders
  An ufetubus (D:6)
  2 worms (D:2)
  4 dart slugs
  10 orcs
  6 ball pythons
  9 endoplasms
  5 giant cockroaches
  4 goblins
  6 hobgoblins
  2 jackals (D:1)
  10 kobolds
  2 quokkas
  6 bats
  10 frilled lizards
  3 rats
127 creatures vanquished.

Notes
Turn   | Place    | Note
-------+----------+-------------------------------------------
     0 | D:1      | cforsyth the Human Fighter began the quest for the Orb.
     0 | D:1      | Reached XP level 1. HP: 18/18 MP: 1/1
   107 | D:1      | Reached XP level 2. HP: 23/24 MP: 2/2
   293 | D:1      | Reached XP level 3. HP: 24/29 MP: 3/3
  1018 | D:2      | Identified the +3 dagger of the Brewing Gods {pain, rElec
                  | Will- Int+5}
  1151 | D:2      | Found a faded altar of an unknown god.
  1253 | D:2      | Reached XP level 4. HP: 35/35 MP: 4/4
  1341 | D:2      | Identified the +4 chain mail "Wiubb" {Rampage}
  1672 | D:2      | Identified the +2 ring mail of the Swamp {rElec rPois Str-3
                  | SInv}
  1740 | D:3      | Found a runed translucent door.
  1974 | D:3      | Reached XP level 5. HP: 42/42 MP: 5/5
  2182 | D:3      | Noticed elongatedgoose's ghost (weakling DEIE)
  3434 | D:4      | Reached XP level 6. HP: 31/48 MP: 6/6
  3723 | D:5      | Entered Level 5 of the Dungeon
  3723 | D:5      | Noticed Grinder
  3783 | D:5      | Noticed Pikel
  3783 | D:5      | Noticed a yak
  3785 | D:5      | Noticed a yak
  3786 | D:5      | Noticed a yak
  3787 | D:5      | Noticed a yak
  3789 | D:5      | Noticed a yak
  4917 | D:4      | Killed a yak
  4918 | D:4      | Reached XP level 7. HP: 28/55 MP: 7/7
  5520 | D:3      | Killed a yak
  5958 | D:4      | Killed a yak
  5959 | D:4      | Reached skill level 5 in Fighting
  5959 | D:4      | Reached skill level 5 in Armour
  5959 | D:4      | Reached skill level 5 in Shields
  5959 | D:4      | Reached XP level 8. HP: 12/62 MP: 8/8
  6552 | D:4      | Killed a yak
  6556 | D:4      | Killed a yak
  6557 | D:4      | Reached skill level 5 in Maces & Flails
  7428 | D:5      | Noticed Sigmund
  7440 | D:5      | Killed Sigmund
  7441 | D:5      | Reached XP level 9. HP: 60/69 MP: 9/9
  7855 | D:5      | Paralysed by Pikel for 3 turns
  7917 | D:5      | Paralysed by Pikel for 4 turns
  7924 | D:5      | Paralysed by Pikel for 2 turns
  7934 | D:5      | Killed Pikel
  8101 | D:5      | Paralysed by Grinder for 4 turns
  8109 | D:5      | Killed Grinder
  8485 | D:5      | You fall into a shaft and drop 1 floor!
  8561 | D:6      | Found Vaugg's Distillery.
  8988 | D:5      | Slain by an ogre

Illustrated notes

Levels and vault maps discovered:
D:1:      co_arrival_random_square_maze, layout_basic, serial_aquarium,
          aquarium_bridge_long_joined [aquarium_subvault_bridge,
          aquarium_subvault_wall, aquarium_subvault_balcony,
          aquarium_subvault_wall, aquarium_subvault_wall,
          aquarium_subvault_wall], aquarium_window_2, aquarium_window_1,
          aquarium_window_fake, aquarium_window_fake, aquarium_view_2a,
          aquarium_pool_2, minmay_misc_feat_columns, minivault_14
D:2:      layout_basic, hellmonk_ecumenical_altar_inner_sanctum
D:3:      minmay_evil_eye, layout_basic, ebering_ghost_sewer_d,
          hangedman_feature_mirror, kennysheep_generic_room_3
D:4:      layout_basic, solitary_fountain, small_statue_intersection
D:5:      layout_loops_ring, st_stairs_12, grunt_ministairs_14, uniq_grinder,
          uniq_pikel, uniq_sigmund
D:6:      layout_basic, serial_shops, shop, shop, nicolae_shop_crystal,
          kennysheep_mini, nicolae_shop_stone

Skill      XL: |  1  2  3  4  5  6  7  8  9 |
---------------+----------------------------+-----
Maces & Flails | 3 4 5 6 |  6.7
Armour         | 4 5 6 7 |  7.1
Fighting       | 4 5 7 |  7.1
Shields        | 4 5 7 |  7.1

Action                     |  1- 3 |  4- 6 |  7- 9 || total
---------------------------+-------+-------+-------++-------
  Melee: Flail             |    92 |   206 |   142 ||   440
         Whip              |       |       |   124 ||   124
    Use: Scroll            |       |       |     2 ||     2
         Potion            |       |       |     3 ||     3
 Armour: Scale mail        |    45 |     3 |       ||    48
         Chain mail        |       |   115 |   128 ||   243
  Dodge: Dodged            |    38 |    78 |    56 ||   172
  Block: Buckler           |    24 |    40 |    40 ||   104

Table legend: (Time is in decaauts)
 A = Elapsed time spent in this place.
 B = Non-inter-level travel time spent in this place.
 C = Inter-level travel time spent in this place.
 D = Time resting spent in this place.
 E = Time spent auto-exploring this place.
 F = Levels seen in this place.
 G = Mean time per level.
                   A        B        C        D        E       F      G
               +--------+--------+--------+--------+--------+-----+--------+
         Total |   9088 |   8893 |    195 |   2676 |   4799 |   6 | 1514.7 |
       Dungeon |   9088 |   8893 |    195 |   2676 |   4799 |   6 | 1514.7 |
               +--------+--------+--------+--------+--------+-----+--------+

Top non-repeatable levels by time:
     D:4: 3367 daAuts
     D:3: 1849 daAuts
     D:5: 1784 daAuts
     D:1: 1030 daAuts
     D:2: 743 daAuts
     D:6: 313 daAuts
